 Dungeon Crawl Stone Soup version 0.28.0-53-g5a82cb258f (webtiles) character file.

Game seed: 1486427747032331832

411 Peloso the Slasher (level 6, -19/53 HPs)
             Began as a Minotaur Fighter on June 24, 2022.
             Demolished by an ogre
             ... wielding a +0 giant club
              (30 damage)
             ... on level 6 of the Dungeon.
             The game lasted 00:03:06 (2296 turns).

Peloso the Slasher (Minotaur Fighter)               Turns: 2296, Time: 00:03:06

Health: -19/53     AC:  7    Str: 21    XL:     6   Next: 58%
Magic:  5/5        EV:  9    Int:  5    God:
Gold:   132        SH:  5    Dex: 11    Spells: 5/5 levels left

rFire   . . .      SeeInvis .   a - +0 long sword
rCold   . . .      Faith    .   c - +0 buckler
rNeg    . . .      Spirit   .   b - +0 scale mail
rPois   .          Reflect  .   (helmet restricted)
rElec   .          Harm     .   (no cloak)
rCorr   .          Rampage  .   (no gloves)
Will    .....                   (no boots)
Stlth   ..........              (no amulet)
HPRegen 0.17/turn               (no ring)
MPRegen 0.09/turn               (no ring)

@: mighty
A: horns 2, retaliatory headbutt
a: no special abilities


You were on level 6 of the Dungeon.
You visited 1 branch of the dungeon, and saw 4 of its levels.

You collected 132 gold pieces.

Inventory:

Hand Weapons
 a - a +0 long sword (weapon)
Armour
 b - a +0 scale mail (worn)
 c - a +0 buckler (worn)
Jewellery
 e - a ring of see invisible
Wands
 i - a wand of mindburst (2)
Scrolls
 g - a scroll of enchant weapon
 h - a scroll of identify
 j - a scroll of holy word {unknown}
 k - a scroll of noise {unknown}
 l - a scroll of amnesia {unknown}


   Skills:
 + Level 4.6 Fighting
 + Level 6.2 Long Blades
 + Level 5.1 Armour
 + Level 1.4 Dodging
 + Level 0.3 Stealth
 + Level 4.4 Shields


You had 5 spell levels left.
You didn't know any spells.
Your spell library was empty.

Dungeon Overview and Level Annotations

Branches:
Dungeon (3/15)

Altars:
Xom

Shops:
D:3 =

Annotations:
D:6 Sigmund


Innate Abilities, Weirdness & Mutations

You have a pair of horns on your head.
You reflexively headbutt those who attack you in melee.


Message History

The white imp gestures at you. The puff of frost hits you.
The ogre closely misses you.
You hit the ogre but do no damage. You headbutt the ogre.
You kill the ogre!
Sigmund barely misses you.
Your Long Blades skill increases to level 6!
Things that are here:
a +0 giant spiked club; an ogre corpse
Found a stone staircase leading up.
You hear the slow hiss of an avalanche of sand nearby.
You hear the slow rusting of a distant drain.
You block the ogre's attack.
You feel very mighty all of a sudden. The white imp gestures at you.
The puff of frost hits you.
You slash the white imp! You headbutt the white imp.
The white imp is almost dead.
The white imp hits you but does no damage.
You barely miss the white imp.
The white imp is almost dead.
The white imp gestures at you. The puff of frost misses you.
You block Sigmund's attack.
You completely miss the white imp.
The white imp is almost dead.
The white imp hits you but does no damage.
Sigmund hits you from afar with a +0 scythe.
You slash the white imp!
You kill the white imp!
The ogre hits you with a +0 giant club!
* * * LOW HITPOINT WARNING * * *
You slash the ogre!
The ogre is heavily wounded.
Sigmund hits you but does no damage.
An iguana comes into view.
The iguana hisses angrily.
You slash the ogre!
The ogre is severely wounded.
The ogre hits you with a +0 giant club!!
Ouch! That really hurt!
You die...

#.................##......
##..#......#.#.#.........#
#..###....................
#.. ###...#.#.#.........#
#.............##...
##..#.#.#..)[.# . .
.....(#....##
....#.#.##....l#
#....@O..#......
###.#<#@.#......#
......#.....##..
###.#.#..###.# .#
......... .. ..#.#.#....
.. ............. ...# #.#
#....


You could see Sigmund, an ogre and an iguana.

Vanquished Creatures
  A sky beast (D:6)
  An ogre (D:6)
  A centaur zombie (D:3)
  A bullfrog zombie (D:6)
  A jelly (D:6)
  An iguana (D:6)
  Natasha (D:3)
  3 adders
  A white imp (D:6)
  A worm (D:2)
  6 endoplasms
  5 giant cockroaches
  A goblin (D:2)
  9 hobgoblins
  3 quokkas (D:1)
  5 ball pythons
  3 bats
  4 frilled lizards
  6 kobolds
  6 rats
60 creatures vanquished.

Notes
Turn   | Place    | Note
-------+----------+-------------------------------------------
     0 | D:1      | Peloso the Minotaur Fighter began the quest for the Orb.
     0 | D:1      | Reached XP level 1. HP: 19/19 MP: 0/0
   342 | D:1      | Reached XP level 2. HP: 20/27 MP: 1/1
   664 | D:1      | Found a faded altar of an unknown god.
  1194 | D:2      | Reached XP level 3. HP: 33/33 MP: 2/2
  1260 | D:2      | Found a shimmering altar of Xom.
  1320 | D:2      | Reached skill level 3 in Long Blades
  1897 | D:3      | Reached XP level 4. HP: 35/40 MP: 3/3
  1989 | D:3      | Reached skill level 4 in Long Blades
  2170 | D:3      | Found Qougy's Jewellery Boutique.
  2173 | D:3      | Noticed Natasha
  2175 | D:3      | Killed Natasha
  2238 | D:3      | You fall into a shaft and drop 3 floors!
  2242 | D:6      | Noticed a sky beast
  2245 | D:6      | Killed a sky beast
  2246 | D:6      | Reached skill level 5 in Long Blades
  2246 | D:6      | Reached skill level 1 in Dodging
  2246 | D:6      | Reached XP level 5. HP: 47/47 MP: 4/4
  2252 | D:6      | Reached XP level 6. HP: 49/53 MP: 5/5
  2268 | D:6      | Reached skill level 5 in Armour
  2277 | D:6      | Noticed Sigmund
  2284 | D:6      | Reached skill level 6 in Long Blades
  2296 | D:6      | Demolished by an ogre

Illustrated notes

Levels and vault maps discovered:
D:1:      lightli_arrival_noodles, layout_basic, basic_ecumenical_altar,
          ebering_dispersal_statue_hall, minmay_3d_cube
D:2:      layout_loops_cross, basic_altar
D:3:      layout_basic, serial_shops, nicolae_shop_stone,
          minmay_misc_feat_doors, uniq_terence, uniq_crazy_yiuf_cottage,
          uniq_natasha
D:6:      layout_cave_pools, vehumet_crystals,
          minmay_temple_entry_enclosed_plants, portal_sewer_entry_f,
          serial_shops, shop, enter_ossuary_1, st_stairs_13, uniq_sigmund

Skill      XL: |  1  2  3  4  5  6 |
---------------+-------------------+-----
Fighting       | 4 |  4.6
Armour         | 4 5 |  5.1
Long Blades    | 3 5 6 |  6.2
Shields        | 4 |  4.4
Dodging        | 1 |  1.4
Stealth        | |  0.3

Action                   |  1- 3 |  4- 6 || total
-------------------------+-------+-------++-------
Melee: Long sword        |    89 |    39 ||   128
       Headbutt          |     9 |    11 ||    20
  Use: Scroll            |     1 |     1 ||     2
       Potion            |       |     2 ||     2
Armor: Scale mail        |    38 |    19 ||    57
Dodge: Dodged            |    38 |    29 ||    67
Block: Buckler           |    19 |    13 ||    32
